APP
JOHNSON CITY CARDINALS @ SAN FRANCISCO (RK+) GIANTS
08/14/2099
 
TOP OF THE 1ST
Johnson City Cardinals batting - Pitching for San Francisco (Rk+) Giants : LHP Gary Dishaw
Pitching: LHP Gary Dishaw
Batting: RHB B.J. Bredesen 0-0: Ball
1-0: Ball
2-0: Ground out 5-3 (Groundball, 5, EV 95.0 MPH)
Batting: LHB Eric Fairweather 0-0: Swinging Strike
0-1: Swinging Strike
0-2: Ball
1-2: Strikes out swinging
Batting: RHB Greg Martin 0-0: Called Strike
0-1: Foul Ball, location: 3FF
0-2: Strikes out looking
Top of the 1st over - 0 runs, 0 hits, 0 errors, 0 left on base; Johnson City 0 - San Francisco (Rk+) 0
BOTTOM OF THE 1ST
San Francisco (Rk+) Giants batting - Pitching for Johnson City Cardinals : LHP Jason Zoellner
Pitching: LHP Jason Zoellner
Batting: LHB Manny Ortiz 0-0: Called Strike
0-1: Swinging Strike
0-2: Ball
1-2: Strikes out looking
Batting: LHB Luis Parada 0-0: Ball
1-0: SOLO HOME RUN (Flyball, 7LD, EV 96.3 MPH), Distance : 354 ft
Batting: RHB Daniel Nieto 0-0: Foul Ball, location: 25F
0-1: Ball
1-1: Ball
2-1: Ball
3-1: Foul Ball, location: 2F
3-2: Ground out 4-3 (Groundball, 4, EV 86.3 MPH)
Batting: RHB Joey Tolar 0-0: Ball
1-0: Ball
2-0: Called Strike
2-1: Called Strike
2-2: Foul Ball, location: 2F
2-2: Ball
3-2: Strikes out looking
Bottom of the 1st over - 1 run, 1 hit, 0 errors, 0 left on base; Johnson City 0 - San Francisco (Rk+) 1
TOP OF THE 2ND
Johnson City Cardinals batting - Pitching for San Francisco (Rk+) Giants : LHP Gary Dishaw
Batting: SHB Jesse Johnson 0-0: Foul Ball, location: 3F
0-1: Ball
1-1: Foul Ball, location: 25FF
1-2: Foul Ball, location: 2F
1-2: Ball
2-2: Foul Ball, location: 3F
2-2: Strikes out swinging
Batting: LHB Jaiden Brown 0-0: Called Strike
0-1: Hit by Pitch
Batting: RHB David Pray 0-0: Ball
1-0: Foul Ball, location: 2LF
1-1: Grounds into double play, 5-4-3 (Groundball, 56, EV 81.3 MPH)
Top of the 2nd over - 0 runs, 0 hits, 0 errors, 0 left on base; Johnson City 0 - San Francisco (Rk+) 1
BOTTOM OF THE 2ND
San Francisco (Rk+) Giants batting - Pitching for Johnson City Cardinals : LHP Jason Zoellner
Batting: RHB Austin Higgins 0-0: Foul Ball, location: 2F
0-1: Foul Ball, location: 2F
0-2: Foul Ball, location: 2F
0-2: Ground out 1-3 (Groundball, 13S, EV 65.6 MPH)
Batting: LHB Jason Muma 0-0: Called Strike
0-1: Ball
1-1: Ball
2-1: Ball
3-1: Called Strike
3-2: Ground out 3-1 (Groundball, 34D, EV 97.5 MPH)
Batting: RHB Mike Wangsgard 0-0: Fly out, F5 (Popup, 5SF, EV 76.9 MPH)
Bottom of the 2nd over - 0 runs, 0 hits, 0 errors, 0 left on base; Johnson City 0 - San Francisco (Rk+) 1
TOP OF THE 3RD
Johnson City Cardinals batting - Pitching for San Francisco (Rk+) Giants : LHP Gary Dishaw
Batting: LHB Amir Hucks 0-0: Called Strike
0-1: Swinging Strike
0-2: Ground out 6-3 (Groundball, 6, EV 100.6 MPH)
Batting: SHB Sean Figler 0-0: Ball
1-0: Called Strike
1-1: Ground out 6-3 (Groundball, 6, EV 83.1 MPH)
Batting: RHB Benny Glover 0-0: Ball
1-0: Ball
2-0: Swinging Strike
2-1: Ball
3-1: Called Strike
3-2: Foul Ball, location: 2F
3-2: Strikes out looking
Top of the 3rd over - 0 runs, 0 hits, 0 errors, 0 left on base; Johnson City 0 - San Francisco (Rk+) 1
BOTTOM OF THE 3RD
San Francisco (Rk+) Giants batting - Pitching for Johnson City Cardinals : LHP Jason Zoellner
Batting: RHB Mike Willis 0-0: Swinging Strike
0-1: SINGLE (Groundball, 5D, EV 95.0 MPH)
Batting: RHB Manny Diaz 0-0: Called Strike
0-1: Ball
1-1: Foul Ball, location: 9LMF
1-2: Ball
2-2: Foul Ball, location: 2F
2-2: Ball
3-2: Grounds into double play, 4-6-3 (Groundball, 4, EV 103.1 MPH)
Batting: LHB Manny Ortiz 0-0: Foul Ball, location: 5F
0-1: Called Strike
0-2: Ball
1-2: Ball
2-2: Foul Ball, location: 25F
2-2: TRIPLE (Flyball, 78XD, EV 105.6 MPH)
Batting: LHB Luis Parada 0-0: Ball
1-0: Called Strike
1-1: Foul Ball, location: 2F
1-2: SINGLE (Groundball, 6MD, EV 96.3 MPH)
Manny Ortiz scores
Batting: RHB Daniel Nieto 0-0: Foul Ball, location: 3SF
0-1: SINGLE (Groundball, 56D, EV 99.4 MPH)
Luis Parada to second
Batting: RHB Joey Tolar 0-0: Called Strike
0-1: Foul Ball, location: 7LMF
0-2: SINGLE (Line Drive, 89M, EV 95.6 MPH)
Luis Parada to third
Daniel Nieto to second
Runner from 3rd tries for Home, SAFE, throw by CF to home
Batting: RHB Austin Higgins 0-0: Ball
1-0: Fielders Choice at 2nd, 6-4 (Groundball, 6, EV 80.0 MPH)
Bottom of the 3rd over - 2 runs, 5 hits, 0 errors, 2 left on base; Johnson City 0 - San Francisco (Rk+) 3
TOP OF THE 4TH
Johnson City Cardinals batting - Pitching for San Francisco (Rk+) Giants : LHP Gary Dishaw
Batting: RHB B.J. Bredesen 0-0: Ball
1-0: Foul Ball, location: 5FF
1-1: Ball
2-1: Swinging Strike
2-2: Foul Ball, location: 7LMF
2-2: Strikes out swinging
Batting: LHB Eric Fairweather 0-0: Called Strike
0-1: Foul Ball, location: 2F
0-2: Strikes out swinging
Batting: RHB Greg Martin 0-0: Ball
1-0: Called Strike
1-1: Fly out, F8 (Flyball, 8LD, EV 98.1 MPH)
Top of the 4th over - 0 runs, 0 hits, 0 errors, 0 left on base; Johnson City 0 - San Francisco (Rk+) 3
BOTTOM OF THE 4TH
San Francisco (Rk+) Giants batting - Pitching for Johnson City Cardinals : LHP Jason Zoellner
Batting: LHB Jason Muma 0-0: Ball
1-0: Ball
2-0: Called Strike
2-1: Ball
3-1: SOLO HOME RUN (Flyball, 78XD, EV 98.8 MPH), Distance : 401 ft
Batting: RHB Mike Wangsgard 0-0: Fly out, F4 (Popup, 34S, EV 71.3 MPH)
Batting: RHB Mike Willis 0-0: Ground out 4-3 (Groundball, 34, EV 76.9 MPH)
Batting: RHB Manny Diaz 0-0: Foul Ball, location: 2F
0-1: Foul Ball, location: 7LSFF
0-2: Foul Ball, location: 25FF
0-2: Foul Ball, location: 9LDF
0-2: Strikes out swinging, 2-3 out at first.
Bottom of the 4th over - 1 run, 1 hit, 0 errors, 0 left on base; Johnson City 0 - San Francisco (Rk+) 4
TOP OF THE 5TH
Johnson City Cardinals batting - Pitching for San Francisco (Rk+) Giants : LHP Gary Dishaw
Batting: SHB Jesse Johnson 0-0: Ball
1-0: Swinging Strike
1-1: Ball
2-1: Ground out 4-3 (Groundball, 4, EV 108.8 MPH)
Batting: LHB Jaiden Brown 0-0: Ball
1-0: Called Strike
1-1: Ball
2-1: Foul Ball, location: 9LMF
2-2: Strikes out looking
Batting: RHB David Pray 0-0: Called Strike
0-1: Foul Ball, location: 2RF
0-2: Foul Ball, location: 2F
0-2: Ground out 6-3 (Groundball, 6, EV 80.6 MPH)
Top of the 5th over - 0 runs, 0 hits, 0 errors, 0 left on base; Johnson City 0 - San Francisco (Rk+) 4
BOTTOM OF THE 5TH
San Francisco (Rk+) Giants batting - Pitching for Johnson City Cardinals : LHP Jason Zoellner
Batting: LHB Manny Ortiz 0-0: Swinging Strike
0-1: Foul Ball, location: 2F
0-2: Ball
1-2: Strikes out swinging
Batting: LHB Luis Parada 0-0: SINGLE (Groundball, 4MS, EV 64.4 MPH) (infield hit)
Pitching: RHP Netuno Afilhado
Batting: RHB Daniel Nieto 0-0: Ball
1-0: Ball
2-0: Ball
3-0: Called Strike
3-1: Base on Balls
Luis Parada to second
Batting: RHB Joey Tolar 0-0: Ball
1-0: Foul Ball, location: 3SF
1-1: Ball
2-1: Ball
3-1: Called Strike
3-2: Base on Balls
Luis Parada to third
Daniel Nieto to second
Batting: RHB Austin Higgins 0-0: Grounds into double play, 6-2-3 (Groundball, 6, EV 84.4 MPH)
Bottom of the 5th over - 0 runs, 1 hit, 0 errors, 2 left on base; Johnson City 0 - San Francisco (Rk+) 4
TOP OF THE 6TH
Johnson City Cardinals batting - Pitching for San Francisco (Rk+) Giants : LHP Gary Dishaw
Batting: LHB Amir Hucks 0-0: Ball
1-0: Called Strike
1-1: Ball
2-1: Ground out 4-3 (Groundball, 4, EV 82.5 MPH)
Batting: SHB Sean Figler 0-0: Fly out, F6 (Popup, 6M, EV 53.1 MPH)
Batting: RHB Benny Glover 0-0: Ground out 5-3 (Groundball, 56, EV 85.0 MPH)
Top of the 6th over - 0 runs, 0 hits, 0 errors, 0 left on base; Johnson City 0 - San Francisco (Rk+) 4
BOTTOM OF THE 6TH
San Francisco (Rk+) Giants batting - Pitching for Johnson City Cardinals : RHP Netuno Afilhado
Batting: LHB Jason Muma 0-0: Ball
1-0: Swinging Strike
1-1: Swinging Strike
1-2: Strikes out swinging
Batting: RHB Mike Wangsgard 0-0: Ball
1-0: Ball
2-0: Foul Ball, location: 2F
2-1: SINGLE (Groundball, 6MD, EV 94.4 MPH)
Batting: RHB Mike Willis 0-0: Ball
1-0: SINGLE (Groundball, 6MD, EV 97.5 MPH)
Mike Wangsgard to second
Batting: RHB Manny Diaz 0-0: Reached via error on a dropped throw from 2B, E6 (Groundball, 4, EV 94.4 MPH)
Mike Wangsgard to third
Mike Willis to second
Batting: LHB Manny Ortiz 0-0: Grounds into fielders choice 5-2 (Groundball, 5L, EV 89.4 MPH)
Mike Willis to third
Manny Diaz to second
Batting: LHB Luis Parada 0-0: Foul Ball, location: 2F
0-1: Ball
1-1: Swinging Strike
1-2: Fly out, F5 (Popup, 25F, EV 86.9 MPH)
Bottom of the 6th over - 0 runs, 2 hits, 1 error, 3 left on base; Johnson City 0 - San Francisco (Rk+) 4
TOP OF THE 7TH
Johnson City Cardinals batting - Pitching for San Francisco (Rk+) Giants : LHP Gary Dishaw
Batting: RHB B.J. Bredesen 0-0: Foul Ball, location: 2F
0-1: Ball
1-1: Foul Ball, location: 5DF
1-2: Ball
2-2: Strikes out swinging
Batting: LHB Eric Fairweather 0-0: Foul Ball, location: 2F
0-1: Foul Ball, location: 2LF
0-2: Ball
1-2: Foul Ball, location: 3SF
1-2: Ball
2-2: Foul Ball, location: 3FF
2-2: Ball
3-2: Foul Ball, location: 2F
3-2: Base on Balls
Batting: RHB Greg Martin 0-0: Called Strike
Eric Fairweather is caught stealing 2nd base 2-4
0-1: Ball
1-1: Called Strike
1-2: Ball
2-2: Foul Ball, location: 25F
2-2: Foul Ball, location: 7LMF
2-2: Fly out, F8 (Flyball, 89XD, EV 95.6 MPH)
Top of the 7th over - 0 runs, 0 hits, 0 errors, 0 left on base; Johnson City 0 - San Francisco (Rk+) 4
BOTTOM OF THE 7TH
San Francisco (Rk+) Giants batting - Pitching for Johnson City Cardinals : RHP Netuno Afilhado
Pitching: RHP David Ramos
Batting: RHB Daniel Nieto 0-0: Called Strike
0-1: Ball
1-1: Ground out 5-3 (Groundball, 56S, EV 82.5 MPH)
Batting: RHB Joey Tolar 0-0: Called Strike
0-1: Ball
1-1: Ball
2-1: Foul Ball, location: 7LDF
2-2: Foul Ball, location: 9LDF
2-2: DOUBLE (Flyball, 89D, EV 93.1 MPH)
Batting: RHB Austin Higgins 0-0: Called Strike
0-1: Called Strike
0-2: Ball
1-2: Strikes out swinging
Batting: LHB Jason Muma 0-0: Swinging Strike
0-1: Ball
1-1: Foul Ball, location: 25FF
1-2: Foul Ball, location: 5SF
1-2: Strikes out looking
Bottom of the 7th over - 0 runs, 1 hit, 0 errors, 1 left on base; Johnson City 0 - San Francisco (Rk+) 4
TOP OF THE 8TH
Johnson City Cardinals batting - Pitching for San Francisco (Rk+) Giants : LHP Gary Dishaw
Batting: SHB Jesse Johnson 0-0: Foul Ball, location: 3SF
0-1: Foul Ball, location: 2F
0-2: Strikes out swinging
Pinch Hitting: RHB Craig Van Hoose 0-0: Ball
1-0: Fly out, F7 (Flyball, 7, EV 95.6 MPH)
Batting: RHB David Pray 0-0: Ball
1-0: SINGLE (Groundball, 4S, EV 73.8 MPH) (infield hit)
Pitching: LHP Juan Leyvas
Pinch Hitting: RHB Miguel Vela 0-0: Ball
1-0: Ball
2-0: Called Strike
2-1: Foul Ball, location: 9LMF
2-2: Ground out 4-3 (Groundball, 4M, EV 85.6 MPH)
Top of the 8th over - 0 runs, 1 hit, 0 errors, 1 left on base; Johnson City 0 - San Francisco (Rk+) 4
BOTTOM OF THE 8TH
San Francisco (Rk+) Giants batting - Pitching for Johnson City Cardinals : RHP David Ramos
Now at 1B: Charlton Johnson
Now at SS: Craig Van Hoose
Batting: RHB Mike Wangsgard 0-0: Called Strike
0-1: Ball
1-1: Ground out U3 (Groundball, 3, EV 93.1 MPH)
Batting: RHB Jose Bautista 0-0: Called Strike
0-1: Fly out, F8 (Flyball, 8RM, EV 90.6 MPH)
Batting: RHB Manny Diaz 0-0: Called Strike
0-1: Ball
1-1: Ball
2-1: SINGLE (Flyball, 89S, EV 89.4 MPH)
Batting: LHB Manny Ortiz 0-0: Ball
Manny Diaz steals 2nd base
1-0: Ball
2-0: Called Strike
2-1: Ball
3-1: Fly out, F7 (Flyball, 7, EV 85.6 MPH)
Bottom of the 8th over - 0 runs, 1 hit, 0 errors, 1 left on base; Johnson City 0 - San Francisco (Rk+) 4
TOP OF THE 9TH
Johnson City Cardinals batting - Pitching for San Francisco (Rk+) Giants : LHP Juan Leyvas
Batting: RHB Beau Elder 0-0: Ball
1-0: SINGLE (Line Drive, 78S, EV 106.3 MPH)
Pinch Hitting: RHB Taylor Hammond 0-0: Called Strike
0-1: Ball
1-1: Ball
2-1: Swinging Strike
2-2: Strikes out swinging
Batting: RHB B.J. Bredesen 0-0: Ball
1-0: Ball
2-0: Called Strike
2-1: Ball
3-1: Base on Balls
Beau Elder to second
Batting: LHB Eric Fairweather 0-0: Called Strike
0-1: Ball
1-1: Ball
2-1: Swinging Strike
2-2: Strikes out looking
Batting: RHB Greg Martin 0-0: Called Strike
0-1: Swinging Strike
0-2: Foul Ball, location: 9LDF
0-2: Strikes out swinging
Top of the 9th over - 0 runs, 1 hit, 0 errors, 2 left on base; Johnson City 0 - San Francisco (Rk+) 4
Tuesday, May 14th , 2024 - OOTP Baseball 24.11 Build 85